 Dungeon Crawl Stone Soup version 0.31-a0-188-g5e087ee2ca (webtiles) character file.

Game seed: 8298375174256533794

858 qw the Skirmisher (level 7, -11/40 HPs)
             Began as a Deep Elf Hunter on June 23, 2023.
             Was a Follower of Okawaru.
             Mangled by an ogre
             ... wielding a +0 giant spiked club
              (24 damage)
             ... on level 5 of the Dungeon.
             The game lasted 00:01:46 (4111 turns).

qw the Skirmisher (Deep Elf Hunter)                 Turns: 4111, Time: 00:01:46

Health: -11/40     AC:  6    Str: 10    XL:     7   Next: 71%
Magic:  10/11      EV: 15    Int: 14    God:    Okawaru [*.....]
Gold:   209        SH:  0    Dex: 18    Spells: 6/6 levels left

rFire   . . .        Y - +0 orcbow
rCold   . . .        (shield currently unavailable)
rNeg    . . .        g - +0 ring mail
rPois   .            (no helmet)
rElec   .            (no cloak)
rCorr   +            (no gloves)
SInv    .            (no boots)
Will    .....        b - amulet of faith
Stlth   +++          c - ring of resist corrosion
HPRegen 0.26/turn    (no ring)
MPRegen 0.12/turn

%: faith
@: heroic
A: no striking features
a: Renounce Religion, Heroism


You were on level 5 of the Dungeon.
You worshipped Okawaru.
Okawaru was aware of your devotion.
You visited 1 branch of the dungeon, and saw 5 of its levels.

You collected 209 gold pieces.


   Skills:
 - Level 2.7(7.7) Fighting
 + Level 10.5(15.5) Ranged Weapons
 - Level 4.1(9.1) Dodging
 - Level 1.2(6.2) Stealth
 + Level 3.5 Invocations


You had 6 spell levels left.
You didn't know any spells.
Your spell library was empty.

Inventory:

Hand Weapons
 Y - a +0 orcbow (weapon)
Armour
 g - a +0 ring mail (worn)
Jewellery
 b - an amulet of faith (around neck)
 c - a ring of resist corrosion (left hand)
 i - a ring of flight
Scrolls
 k - 2 scrolls of teleportation
 m - a scroll of revelation {unknown}
Potions
 a - a potion of degeneration {unknown}
 d - a potion of invisibility {unknown}
 e - a potion of curing {unknown}
 f - a potion of might {unknown}
 h - a potion of cancellation {unknown}
 j - a potion of heal wounds {unknown}
 l - a potion of haste {unknown}
 n - a potion of attraction {unknown}

Dungeon Overview and Level Annotations

Branches:
Dungeon (5/15)             Temple (0/1) D:5

Altars:
Cheibriados
Dithmenos
Hepliaklqana
Kikubaaqudgha
Okawaru
Qazlal
Ru
Trog
Xom

Annotations:
D:5 exclusion: gnoll


Message History

The arrow hits the killer bee but does no damage.
The killer bee is heavily wounded.
The killer bee closely misses you. The killer bee stings you.
You shoot an arrow. The arrow barely misses the killer bee.
The killer bee stings you. The ogre closely misses you.
The killer bee closely misses you.
You shoot an arrow.
The arrow closely misses the killer bee.
The killer bee barely misses you.
You shoot an arrow.
The arrow hits the killer bee but does no damage.
The killer bee is heavily wounded.
The killer bee closely misses you.
The ogre hits you with a +0 giant spiked club!
The killer bee barely misses you.
You shoot an arrow.
The arrow completely misses the killer bee.
The killer bee closely misses you. The ogre barely misses you.
The killer bee barely misses you.
You shoot an arrow. The arrow misses the killer bee.
The killer bee stings you but does no damage.
You shoot an arrow. The arrow misses the killer bee.
The killer bee completely misses you.
The killer bee stings you but does no damage.
The ogre misses you.
You shoot an arrow. The arrow hits the killer bee!
You kill the killer bee!
Okawaru accepts your kill.
You shoot an arrow. The arrow hits the ogre.
The ogre is lightly wounded.
The ogre barely misses you.
You shoot an arrow. The arrow hits the ogre.
The ogre is lightly wounded.
You shoot an arrow. The arrow barely misses the ogre.
The ogre misses you.
You shoot an arrow. The arrow hits the ogre.
The ogre is moderately wounded.
The ogre hits you with a +0 giant spiked club!!
Ouch! That really hurt!
You die...

# ......# #...(...#.....
#####......#.... #...%...#.....
.##.#......#.... #.......#.....
..'.#......##... ##.....###....
.##.#......# #.. ##...## ##...
###'#........##'#######'#######)#
#..........#.....................
#..........#....O................
...........#....@......)....)....
###.###########'#######'#######)#
# #.# #.. ##...## ##... ###.###
#... ##.....###.... [##...# #....
#.......#..... ..'.#.# #....
#.......#..... .##...# #...[
#...)...#.../. ####### ##...
##.....###.... #.# ##...## ##...


You could see an ogre.

Vanquished Creatures
  A black bear (D:5)
  An ice beast (D:5)
  2 ogres
  A killer bee (D:5)
  A jelly (D:5)
  An orc priest (D:4)
  A hound (D:5)
  Jessica (D:3)
  2 iguanas (D:5)
  11 gnolls (D:5)
  7 adders
  A shadow imp (D:5)
  4 worms
  5 dart slugs
  6 orcs
  7 endoplasms
  8 giant cockroaches
  10 hobgoblins
  4 jackals (D:2)
  5 kobolds
  4 quokkas
  6 ball pythons
  3 bats
  4 frilled lizards
  3 goblins
  4 rats
103 creatures vanquished.

Notes
Turn   | Place    | Note
-------+----------+-------------------------------------------
     0 | D:1      | qw the Deep Elf Hunter began the quest for the Orb.
     0 | D:1      | Reached XP level 1. HP: 12/12 MP: 3/3
     0 | D:1      | 0 ||| qw: Version: 0.3-a-9-g12657ce
     0 | D:1      | 0 ||| qw: Game counter: 4416
     0 | D:1      | 0 ||| qw: Always use a shield: true
     0 | D:1      | 0 ||| qw: God list: Okawaru
     0 | D:1      | 0 ||| qw: Allow faded altars: false
     0 | D:1      | 0 ||| qw: Do Orc after D:15 true
     0 | D:1      | 0 ||| qw: Do second Lair branch before Depths: true
     0 | D:1      | 0 ||| qw: Lair rune preference: random
     0 | D:1      | 0 ||| qw: Plans: Normal
     0 | D:1      | 0 ||| PLANNING D:1-11
    80 | D:1      | Found a faded altar of an unknown god.
   116 | D:1      | Reached XP level 2. HP: 16/16 MP: 4/4
   122 | D:1      | Reached skill level 6 in Ranged Weapons
   268 | D:1      | 268 ||| READING scroll labelled XENLO FOIDGHO.
   269 | D:1      | 269 ||| DROPPING scroll of butterflies.
   696 | D:1      | 696 ||| DROPPING amulet of magic regeneration.
   908 | D:2      | Reached XP level 3. HP: 20/20 MP: 5/5
   956 | D:2      | Reached skill level 7 in Ranged Weapons
  1059 | D:2      | Reached XP level 4. HP: 25/25 MP: 6/6
  1338 | D:2      | 1338 ||| UPGRADING to +0 ring mail.
  1348 | D:2      | 1348 ||| DROPPING +0 leather armour.
  1349 | D:2      | 1349 ||| UPGRADING to amulet of faith.
  1354 | D:2      | 1354 ||| READING 2 scrolls labelled NUMEEF YFRAIW.
  1355 | D:2      | 1355 ||| DROPPING scroll of vulnerability.
  1479 | D:3      | Found an iron altar of Okawaru.
  1480 | D:3      | 1480 ||| PLANNING OKAWARU WORSHIP
  1480 | D:3      | 1480 ||| READING scroll labelled SAKLANT TEMA.
  1497 | D:3      | Became a worshipper of Warmaster Okawaru
  1498 | D:3      | 1498 ||| PLANNING D:1-11
  1512 | D:3      | Found a shadowy altar of Dithmenos.
  1653 | D:3      | Identified the +8 long sword "Someurergh" {flame, Fragile
                  | rN+ Str+4}
  1682 | D:3      | Reached skill level 8 in Ranged Weapons
  1871 | D:3      | Found a faded altar of an unknown god.
  1872 | D:3      | 1872 ||| SWAPPING to +0 orcbow.
  1875 | D:3      | 1875 ||| DROPPING +0 shortbow of flaming.
  2016 | D:3      | Noticed Jessica
  2023 | D:3      | Killed Jessica
  2092 | D:3      | Found a sacrificial altar of Ru.
  2092 | D:3      | Found a bloodstained altar of Trog.
  2162 | D:3      | Found a snail-covered altar of Cheibriados.
  2269 | D:3      | 2269 ||| UPGRADING to ring of resist corrosion.
  2279 | D:4      | Reached XP level 5. HP: 29/29 MP: 7/7
  2282 | D:4      | 2282 ||| FLEEEEING.
  2284 | D:4      | 2284 ||| STAIRDANCE
  2288 | D:4      | 2288 ||| STAIRDANCE
  2319 | D:4      | 2319 ||| STAIRDANCE
  2323 | D:4      | 2323 ||| STAIRDANCE
  2327 | D:4      | 2327 ||| STAIRDANCE
  2331 | D:4      | 2331 ||| STAIRDANCE
  2335 | D:4      | 2335 ||| STAIRDANCE
  2339 | D:4      | 2339 ||| STAIRDANCE
  2343 | D:4      | 2343 ||| STAIRDANCE
  2347 | D:4      | 2347 ||| STAIRDANCE
  2351 | D:4      | 2351 ||| STAIRDANCE
  2355 | D:4      | 2355 ||| STAIRDANCE
  2359 | D:4      | 2359 ||| STAIRDANCE
  2363 | D:4      | 2363 ||| STAIRDANCE
  2367 | D:4      | 2367 ||| STAIRDANCE
  2371 | D:4      | 2371 ||| STAIRDANCE
  2375 | D:4      | 2375 ||| STAIRDANCE
  2379 | D:4      | 2379 ||| STAIRDANCE
  2383 | D:4      | 2383 ||| STAIRDANCE
  2387 | D:4      | 2387 ||| STAIRDANCE
  2405 | D:3      | 2405 ||| Stepping randomly (stuck).
  2449 | D:4      | Found an ancient bone altar of Kikubaaqudgha.
  2688 | D:4      | Found a stormy altar of Qazlal.
  2827 | D:4      | Reached skill level 9 in Ranged Weapons
  2884 | D:4      | Noticed an ogre
  2890 | D:4      | Killed an ogre
  2890 | D:4      | Reached * piety under Okawaru
  2891 | D:4      | Reached XP level 6. HP: 36/36 MP: 8/8
  3235 | D:5      | Entered Level 5 of the Dungeon
  3236 | D:5      | 3236 ||| INVOKING Heroism.
  3371 | D:5      | 3371 ||| INVOKING Heroism.
  3374 | D:5      | Reached skill level 1 in Invocations
  3432 | D:5      | Found a staircase to the Ecumenical Temple.
  3486 | D:5      | 3486 ||| INVOKING Heroism.
  3498 | D:5      | Reached skill level 10 in Ranged Weapons
  3531 | D:5      | Found a shimmering altar of Xom.
  3532 | D:5      | Found a hazy altar of Hepliaklqana.
  3533 | D:5      | Noticed a spectral ugly thing
  3548 | D:5      | 3548 ||| INVOKING Heroism.
  3553 | D:5      | Reached XP level 7. HP: 40/40 MP: 7/10
  3563 | D:5      | 3563 ||| INVOKING Heroism.
  3565 | D:5      | 3565 ||| READING scroll labelled UJUORIC LUSS.
  3568 | D:5      | 3568 ||| FLEEEEING.
  3569 | D:5      | 3569 ||| FLEEEEING.
  3570 | D:5      | 3570 ||| FLEEEEING.
  3577 | D:5      | 3577 ||| STAIRDANCE
  3731 | D:5      | 3731 ||| INVOKING Heroism.
  4005 | D:5      | 4005 ||| INVOKING Heroism.
  4012 | D:5      | Reached skill level 3 in Invocations
  4094 | D:5      | 4094 ||| INVOKING Heroism.
  4111 | D:5      | Mangled by an ogre

Levels and vault maps discovered:
D:1:      matt_arrival_refuge, layout_loops_ring,
          ebering_ecumenical_altar_abandoned, kennysheep_pointless_box,
          st_stairs_14, minivault_11, corexii_item_surrounded_by_moat
D:2:      layout_basic, st_stairs_5
D:3:      layout_loops_ring, nicolae_overflow_ecumenical_swirl,
          okawaru_ov_weapons_minmay, grunt_dithmenos_smoke_and_mirrors,
          gammafunk_temple_overflow_statue, roderic_lattice_a, uniq_jessica
D:4:      layout_basic, mainiacjoe_overflow_catwalk_spiral
D:5:      kennysheep_six_static_rooms, layout_basic,
          regret_index_temple_of_mockery, minmay_temple_entry_enclosed_plants,
          serial_shops, kennysheep_little_box, nicolae_hexahallways

Skill      XL: |  1  2  3  4  5  6  7 |
---------------+----------------------+-----
Ranged Weapons | 6 7 8 9 10 | 10.5
Fighting       | 2 |  2.7
Invocations    | 1 3 |  3.5
Dodging        | 4 |  4.1
Stealth        | |  1.2

Action                     |  1- 3 |  4- 6 |  7- 9 || total
---------------------------+-------+-------+-------++-------
   Fire: Shortbow          |    87 |    35 |       ||   122
         Orcbow            |       |    94 |    76 ||   170
 Invoke: Heroism           |       |     4 |     4 ||     8
    Use: Scroll            |     1 |     2 |     1 ||     4
 Armour: Leather armour    |     1 |       |       ||     1
         Ring mail         |       |     6 |     7 ||    13
  Dodge: Dodged            |     8 |    24 |    37 ||    69

Table legend:
 A = Non-vault XP
 B = Vault XP
 C = Vault XP percentage of total XP
 D = Non-vault monster count
 E = Vault monster count
 F = Vault count percentage of total count
                 A         B        C        D         E       F
            +---------+---------+-------+---------+---------+-------
      Total |     944 |     283 |  23.1 |      92 |      11 |  10.7
            +---------+---------+-------+---------+---------+-------
        D:1 |      26 |       3 |  10.3 |      17 |       2 |  10.5
        D:2 |      72 |      16 |  18.2 |      22 |       3 |  12.0
        D:3 |      54 |      37 |  40.7 |      15 |       1 |   6.2
        D:4 |     235 |       0 |   0.0 |      21 |       0 |   0.0
        D:5 |     557 |     227 |  29.0 |      17 |       5 |  22.7
            +---------+---------+-------+---------+---------+-------
